 Dungeon Crawl Stone Soup version 0.30-a0-596-g0af90f9a20 (webtiles) character file.

Game seed: 15204920631536631228

8 flotson the Sneak (level 2, 0/24 HPs)
             Began as a Demonspawn Delver on Jan 6, 2023.
             Slain by an orc
             ... wielding a +0 mace
              (1 damage)
             ... on level 4 of the Dungeon.
             The game lasted 00:00:41 (287 turns).

flotson the Sneak (Demonspawn Delver)                Turns: 287, Time: 00:00:41

Health: 0/24       AC:  3    Str: 12    XL:     2   Next: 0%
Magic:  2/2        EV: 12    Int: 11    God:
Gold:   21         SH:  0    Dex: 14    Spells: 1/1 levels left

rFire   . . .      SeeInvis .    a - +0 hand axe
rCold   . . .      Faith    .    (no shield)
rNeg    . . .      Spirit   .    b - +0 leather armour
rPois   .          Reflect  .    (no helmet)
rElec   .          Harm     .    (no cloak)
rCorr   .          Rampage  .    (no gloves)
Will    .....                    (no boots)
Stlth   +++                      (no amulet)
HPRegen 0.24/turn                (no ring)
MPRegen 0.08/turn                (no ring)

@: no status effects
A: sturdy frame 1
a: no special abilities


You were on level 4 of the Dungeon.
You visited 1 branch of the dungeon, and saw 3 of its levels.

You collected 21 gold pieces.

Inventory:

Hand Weapons
 a - a +0 hand axe (weapon)
Armour
 b - a +0 leather armour (worn)
Wands
 g - a wand of digging (3)
Scrolls
 c - a scroll of fog
 d - a scroll of magic mapping
 e - a scroll of fear
Potions
 f - a potion of haste
 h - a potion of ambrosia {unknown}
 i - a potion of resistance {unknown}


   Skills:
 + Level 3.1 Fighting
 + Level 1.9 Axes
 + Level 0.3 Armour
 + Level 1.9 Dodging
 + Level 4.5 Stealth
 + Level 0.3 Evocations


You had one spell level left.
You didn't know any spells.
Your spell library was empty.

Dungeon Overview and Level Annotations

Branches:
Dungeon (5/15)
 Temple: D:4-7

Altars:

Annotations:
D:4 3 runed translucent doors, whiskeysaurus's ghost, amateur GnWr


Innate Abilities, Weirdness & Mutations

Your movements are slightly less encumbered by armour. (ER -2)


Message History

No target in view!
No target in view!
A ball python comes into view.
The helpless ball python fails to defend itself.
You slash the ball python!
You kill the ball python!
You have reached level 2!
Your demonic ancestry asserts itself...
You feel less encumbered by your armour.
Found an escape hatch in the floor.
Unknown command.
Unknown command.
Found a stone staircase leading up.
There is an escape hatch in the floor here.
(D) Dungeon
Where to? (Enter - D:4, ? - help)
There is a stone staircase leading up here.
You climb upwards.
There is a stone staircase leading down here.
An orc comes into view. It is wielding a +0 mace.
Found 25 gold pieces.
The orc shouts!
You hear a shout!
An orc comes into view. It is wielding a +0 flail.
The orc shouts!
An orc priest comes into view. It is wielding a +0 short sword.
You closely miss the orc. The orc hits you with a +0 mace.
The orc attacks as you move away! The orc hits you but does no damage.
The orc attacks as you move away! The orc closely misses you.
The orc attacks as you move away! The orc hits you with a +0 mace.
There is a stone staircase leading down here.
You barely miss the orc. The orc hits you with a +0 mace.
The orc hits you with a +0 mace!
The orc priest calls down the wrath of Beogh upon you.
Beogh smites you!
* * * LOW HITPOINT WARNING * * *
You climb downwards.
Level annotation: 3 runed translucent doors, whiskeysaurus's ghost, amateur GnWr
There is a stone staircase leading up here.
You barely miss the orc. The orc hits you with a +0 mace.
You die...

#.######.##.#
#...........#
########.#######
#.#.>...#
#.#.###.# #.#.#
#.# #.#.# #.#
#.#.# #.####
#.#@# #....#
#.#o# ####.#
#.########.#
#..........#
############


You could see an orc.

Vanquished Creatures
  An ufetubus (D:4)
  A ball python (D:4)
  A quokka (D:4)
3 creatures vanquished.

Notes
Turn   | Place    | Note
-------+----------+-------------------------------------------
     0 | D:5      | flotson the Demonspawn Delver began the quest for the Orb.
     0 | D:5      | Reached XP level 1. HP: 18/18 MP: 1/1
   138 | D:4      | Found a runed translucent gate.
   139 | D:4      | Found a runed translucent gate.
   140 | D:4      | Found a runed translucent gate.
   140 | D:4      | Noticed a hound
   140 | D:4      | Noticed whiskeysaurus's ghost (amateur GnWr)
   142 | D:4      | Noticed an iguana
   215 | D:4      | Gained mutation: Your movements are slightly less
                  | encumbered by armour. (ER -2) [demonic ancestry]
   215 | D:4      | Reached XP level 2. HP: 24/24 MP: 2/2
   285 | D:3      | HP: 1/24 [orc priest/divine providence (7)]
   287 | D:4      | Slain by an orc

Illustrated notes

Levels and vault maps discovered:
D:3:      layout_loops_cross, gammafunk_temple_overflow_claw
D:4:      layout_basic, nemelex_altar_shiori, gammafunk_ghost_split
D:5:      layout_gridville, hangedman_minor_gate_pass, uniq_sigmund,
          uniq_grinder, uniq_ijyb, uniq_menkaure

Action                   || total
-------------------------++-------
Melee: Hand axe          ||     8
 Stab: Sleeping          ||     2
Armor: Leather armour    ||     2
Dodge: Dodged            ||     4

Table legend: (Time is in decaauts)
 A = Elapsed time spent in this place.
 B = Non-inter-level travel time spent in this place.
 C = Inter-level travel time spent in this place.
 D = Time resting spent in this place.
 E = Time spent auto-exploring this place.
 F = Levels seen in this place.
 G = Mean time per level.
                   A        B        C        D        E       F      G
               +--------+--------+--------+--------+--------+-----+--------+
         Total |    289 |    245 |     44 |      0 |    196 |   3 |   96.3 |
       Dungeon |    289 |    245 |     44 |      0 |    196 |   3 |   96.3 |
               +--------+--------+--------+--------+--------+-----+--------+

Top non-repeatable levels by time:
     D:4: 150 daAuts
     D:5: 120 daAuts
     D:3: 18 daAuts
